 Dungeon Crawl Stone Soup version 0.18-a0-1125-g2bdabe5 (console) character file.

1964 FIQ the Chiller (level 8, -1/57 HPs)
             Began as a Demigod Ice Elementalist on Jan 20, 2016.
             Slain by a worker ant (5 damage)
             ... on level 5 of the Dungeon.
             The game lasted 00:24:20 (5920 turns).

FIQ the Chiller (Demigod Ice Elementalist)          Turns: 5920, Time: 00:24:20

Health: -1/57      AC:  5    Str: 17    XL:     8   Next: 68%
Magic:  19/19      EV: 15    Int: 23    God:
Gold:   310        SH:  0    Dex: 16    Spells: 2 memorised, 12 levels left

rFire  . . .     SeeInvis .     s - -2 hand axe (curse)
rCold  . . .     Gourm    .     x - +0 leather armour
rNeg   + . .     Faith    .     (no shield)
rPois  .         Spirit   .     (no helmet)
rElec  .         Dismiss  .     (no cloak)
rCorr  .         Reflect  .     (no gloves)
SustAt +         Harm     .     j - +1 pair of boots
MR     .....                    (no amulet)
Stlth  ++........               v - ring of positive energy
                                t - +6 ring of strength

@: lethally poisoned (-1 -> -4), very slightly contaminated, starving, hasted,
very quick, not resistant to hostile enchantments, unstealthy
A: high mp 1, sustain attributes
a: no special abilities


You were on level 5 of the Dungeon.
You were starving.

You visited 1 branch of the dungeon, and saw 6 of its levels.

You collected 310 gold pieces.

Inventory:

Hand Weapons
 q - a +0 whip of flaming
 s - a cursed -2 hand axe (weapon)
Armour
 a - a +0 robe
 j - a +1 pair of boots (worn)
 x - a +0 leather armour (worn)
Jewellery
 t - a +6 ring of strength (left hand)
 v - a ring of positive energy (right hand)
Wands
 k - a wand of flame (37/48)
Scrolls
 d - 2 scrolls of teleportation
 e - 2 scrolls of immolation
 p - a scroll of fog {unknown}
 u - 2 scrolls of noise {unknown}
Potions
 h - 5 potions of curing
 i - a potion of haste
 l - a potion of brilliance
 r - a potion of flight
Books
 b - a book of Frost

   Spells                             Type                      Level
   a - Freeze                         Ice                          1
   b - Throw Frost                    Conjuration/Ice              2
   c - Ozocubu's Armour               Charms/Ice                   3
   d - Throw Icicle                   Conjuration/Ice              4
   e - Summon Ice Beast               Ice/Summoning                4
   f - Condensation Shield            Ice                          4


   Skills:
 + Level 5.8 Dodging
 - Level 1.7 Stealth
 + Level 5.4 Spellcasting
 + Level 4.4 Conjurations
 + Level 6.1 Ice Magic


You had 12 spell levels left.
You knew the following spells:

 Your Spells              Type           Power        Failure   Level  Hunger
a - Freeze                Ice            ####         1%          1    None
b - Throw Icicle          Conj/Ice       ####....     14%         4    ####...


Dungeon Overview and Level Annotations

Branches:
Dungeon (6/15)             Temple (0/1) D:5

Shops:
D:4 }


Innate Abilities, Weirdness & Mutations

You have an increased reservoir of magic (+10% MP).
Your attributes are resistant to harm.


Message History

You feel sick. The worker ant barely misses you.
You closely miss the worker ant. The worker ant misses you.
You closely miss the worker ant.
* * * LOW HITPOINT WARNING * * *
You feel sick. The worker ant misses you.
You closely miss the worker ant.
The worker ant bites you but does no damage.
You closely miss the worker ant.
* * * LOW HITPOINT WARNING * * *
You feel sick.
The worker ant bites you but does no damage.
You hit the worker ant but do no damage.
The worker ant bites you but does no damage.
You hit the worker ant but do no damage.
* * * LOW HITPOINT WARNING * * *
You feel sick. The worker ant misses you.
You hit the worker ant but do no damage.
The worker ant barely misses you.
You barely miss the worker ant. The worker ant bites you.
You die...

..#≈≈≈#...#≈≈≈#..................
..#≈≈≈#.>.#≈≈≈#.......##########.
..#≈≈≈#...#≈≈≈#..########## ##
..#≈≈≈##.##≈≈≈#..# #..#..# #
.##≈≈≈≈#.#≈≈≈≈#..# #..'..# #
..#≈≈≈≈#.#≈≈≈≈#..# #..#..## #
###≈≈≈≈#.#≈≈≈≈#..#######...######
######.######....'........)...#
#.####.##.###.......####.#
#.##....÷...#.......####)#
#.##.#.##@.....).......)..
#....#.#.a..####)#######.#
#############.#.#### #.# #.#
..........(...#'## #.# #.#
.##########......# #.# #.# .#
#......# ####.# ####'# .#
#......# #....# #..... .#
#......# #....####..... .#
#####'## #........()... .# #.#
#.........)... .# ####.#
##............


You could see a worker ant.

Vanquished Creatures
  Pikel (D:4)
  Eustachio (D:6)
  A hungry ghost (D:5)
  2 sky beasts
  The ghost of Reinor the Insei, an amateur OpCK of Xom (D:3)
  3 giant frogs (D:5)
  A scorpion (D:4)
  2 crimson imps (D:5)
  A giant frog skeleton (D:5)
  5 hounds
  2 orc priests (D:5)
  3 orc wizards
  Jessica (D:2)
  An iguana (D:4)
  2 worker ants
  2 hound skeletons (D:4)
  3 gnolls
  A worker ant zombie (D:5)
  8 adders
  A shadow imp (D:5)
  2 oozes
  2 worms (D:3)
  4 giant geckos
  23 orcs
  7 bats
  8 giant cockroaches
  2 gnoll zombies (D:4)
  5 goblins
  4 hobgoblins
  11 jackals
  7 kobolds
  2 quokkas
  4 giant newts
  7 rats
130 creatures vanquished.

Vanquished Creatures (others)
  An ogre (D:4)
1 creature vanquished.

Grand Total: 131 creatures vanquished

Notes
Turn   | Place    | Note
--------------------------------------------------------------
     0 | D:1      | FIQ the Demigod Ice Elementalist began the quest for the Orb.
     0 | D:1      | Reached XP level 1. HP: 14/14 MP: 5/5
   407 | D:1      | Reached XP level 2. HP: 18/20 MP: 4/7
   766 | D:1      | Gained mutation: You are partially covered in icy blue scales (AC +1). [potion of mutation]
   766 | D:1      | Gained mutation: Your system is resistant to poisons. [potion of mutation]
   766 | D:1      | Gained mutation: You have a somewhat thin skeletal structure (Dex +2, Stealth). [potion of mutation]
   832 | D:1      | Reached skill level 3 in Ice Magic
   916 | D:2      | Reached XP level 3. HP: 26/26 MP: 6/9
  1046 | D:2      | Noticed Jessica
  1110 | D:2      | Found a shadowy altar of Dithmenos.
  1258 | D:2      | Killed Jessica
  1258 | D:2      | Reached XP level 4. HP: 20/33 MP: 4/10
  1288 | D:2      | Found a snail-covered altar of Cheibriados.
  1523 | D:3      | Noticed Reinor's ghost (amateur OpCK)
  1626 | D:3      | Killed Reinor's ghost
  1626 | D:3      | Reached skill level 4 in Ice Magic
  1626 | D:3      | Reached XP level 5. HP: 28/38 MP: 5/12
  1860 | D:3      | Learned a level 4 spell: Throw Icicle
  2118 | D:3      | Reached skill level 1 in Conjurations
  2745 | D:4      | Reached XP level 6. HP: 45/45 MP: 9/14
  3254 | D:4      | Found Agoviv's Gadget Emporium.
  3316 | D:4      | Noticed Pikel
  3349 | D:4      | Killed Pikel
  3349 | D:4      | Reached skill level 5 in Ice Magic
  3349 | D:4      | Reached XP level 7. HP: 46/50 MP: 9/17
  3583 | D:4      | Found an iron altar of Okawaru.
  3814 | D:4      | Found a basalt altar of Yredelemnul.
  3898 | D:5      | Entered Level 5 of the Dungeon
  3911 | D:5      | Found a burning altar of Makhleb.
  4085 | D:5      | Reached skill level 5 in Dodging
  4085 | D:5      | Reached XP level 8. HP: 47/57 MP: 14/18
  4880 | D:5      | Found an opulent altar of Gozag.
  5049 | D:5      | Found a staircase to the Ecumenical Temple.
  5307 | D:6      | Noticed Eustachio
  5395 | D:6      | Killed Eustachio
  5395 | D:6      | Reached skill level 5 in Spellcasting
  5730 | D:5      | Reached skill level 6 in Ice Magic
  5902 | D:5      | Lost mutation: You have a somewhat thin skeletal structure (Dex +2, Stealth). [potion of cure mutation]
  5902 | D:5      | Lost mutation: Your system is resistant to poisons. [potion of cure mutation]
  5902 | D:5      | Lost mutation: You are partially covered in icy blue scales (AC +1). [potion of cure mutation]
  5920 | D:5      | Slain by a worker ant

Vault maps used:
D:1:      dpeg_arrival_rooms_with_view
D:2:      old_standard_altar, nicolae_dithmenos_shadow_blocks, uniq_jessica
D:4:      kennysheep_okawaru_gauntlet, lemuel_zombie_altar_yredelemnul,
          first_bread, serial_shops, shop, uniq_pikel
D:5:      lemuel_crystal_altar, kennysheep_mini, minmay_temple_entry_poolview,
          sigmund_army
D:6:      marbit_many_paths, overflow_temple_1_default,
          nicolae_overflow_crystal_walls, uniq_duvessa, uniq_blork_the_orc,
          uniq_edmund, uniq_eustachio, uniq_sigmund

Action                   |  1- 3 |  4- 6 |  7- 9 || total
-------------------------+-------+-------+-------++-------
Melee: Unarmed           |     1 |    39 |       ||    40
       Hand axe          |       |    16 |   119 ||   135
       Whip              |       |       |    40 ||    40
 Cast: Freeze            |    56 |   103 |    95 ||   254
  Use: Scroll            |     4 |     2 |     3 ||     9
       Potion            |     1 |     2 |     4 ||     7
 Stab: Sleeping          |       |       |     2 ||     2
       Distracted        |       |       |     1 ||     1
  Eat: Chunk             |     1 |     7 |     9 ||    17
       Bread ration      |       |       |     3 ||     3
       Fruit             |       |       |     2 ||     2
       Pizza             |       |       |     2 ||     2
       Meat ration       |       |       |     1 ||     1
